 Dungeon Crawl Stone Soup version 0.29.0-4-gdea44cf6ec (webtiles) character file.

Game seed: 15735570652968619015

170 qw the Chopper (level 5, -11/32 HPs)
             Began as a Gargoyle Fighter on Sept 8, 2022.
             Blown up by Ijyb (20 damage)
             ... with a mindburst bolt
             ... on level 3 of the Dungeon.
             The game lasted 00:01:04 (2727 turns).

qw the Chopper (Gargoyle Fighter)                   Turns: 2727, Time: 00:01:04

Health: -11/32     AC: 10    Str: 22    XL:     5   Next: 51%
Magic:  5/5        EV: 13    Int:  8    God:
Gold:   55         SH:  4    Dex:  9    Spells: 4/4 levels left

rFire   . . .      SeeInvis .   Y - +1 war axe
rCold   . . .      Faith    .   c - +0 buckler
rNeg    + . .      Spirit   .   b - +0 scale mail
rPois   inf        Reflect  .   (no helmet)
rElec   +          Harm     .   (no cloak)
rCorr   .          Rampage  .   (no gloves)
Will    .....                   (no boots)
Stlth   ..........              f - amulet of regeneration
HPRegen 0.90/turn               a - +4 ring of evasion
MPRegen 0.09/turn               (no ring)

@: about to teleport
A: sickness immunity, AC +4, negative energy resistance 1, electricity
resistance, torment resistance 1, petrification resistance
a: no special abilities


You were on level 3 of the Dungeon.
You visited 1 branch of the dungeon, and saw 3 of its levels.

You collected 118 gold pieces.
You spent 63 gold pieces at shops.


Innate Abilities, Weirdness & Mutations

You are immune to sickness and miasma.
Your stone body is resilient. (AC +4)
You are immune to poison.
You resist negative energy. (rN+)
You are resistant to electric shocks. (rElec)
You are resistant to unholy torment.
You are immune to petrification.


   Skills:
 + Level 3.4 Fighting
 - Level 5.0 Axes
 - Level 3.2 Armour
 - Level 3.2 Shields


You had 4 spell levels left.
You didn't know any spells.
Your spell library was empty.

Inventory:

Hand Weapons
 h - a +0 mace
 Y - a +1 war axe (weapon)
Armour
 b - a +0 scale mail (worn)
 c - a +0 buckler (worn)
 k - a +0 chain mail
Jewellery
 a - a +4 ring of evasion (left hand)
 f - an amulet of regeneration (around neck)
Scrolls
 e - a scroll of identify
Potions
 d - a potion of might
 i - a potion of magic {unknown}
 j - a potion of flight {unknown}
 l - a potion of curing {unknown}

Dungeon Overview and Level Annotations

Branches:
Dungeon (3/15)

Altars:

Shops:
D:3 [

Annotations:
D:3 Ijyb


Message History

Ijyb misses you.
You closely miss Ijyb. Ijyb hits you but does no damage.
You closely miss Ijyb.
Ijyb zaps a wand.
You barely resist. You closely miss Ijyb. Ijyb hits you but does no damage.
Ijyb zaps a wand.
Your mind is blasted!
You hit Ijyb.
Ijyb is lightly wounded.
Ijyb hits you but does no damage.
You hit Ijyb.
Ijyb is moderately wounded.
Ijyb zaps a wand.
Your mind is blasted!
You hit Ijyb.
Ijyb is heavily wounded.
Ijyb hits you but does no damage.
Ijyb zaps a wand.
Your mind is blasted!
You hit Ijyb.
Ijyb is heavily wounded.
Ijyb zaps a wand.
You barely resist. You closely miss Ijyb.
Ijyb is heavily wounded.
You block Ijyb's attack.
You closely miss Ijyb.
Ijyb is heavily wounded.
Ijyb hits you but does no damage.
You barely miss Ijyb.
Ijyb is heavily wounded.
Ijyb zaps a wand.
Your mind is blasted!
Ijyb barely misses you.
2725 ||| READING scroll of teleportation.
As you read the scroll of teleportation, it crumbles to dust.
You feel strangely unstable. Ijyb hits you but does no damage.
You hit Ijyb.
Ijyb is heavily wounded.
Ijyb hits you but does no damage.
You closely miss Ijyb.
Ijyb is heavily wounded.
Ijyb zaps a wand.
Your mind is blasted!
Ouch! That really hurt!
You die...

##### ..... ##
...###### .#
......g.##########.#
#@##.........#
#.......# #..#
####.##.###..#####
#.#...##.......
######.#...##.##...#
...............##.#.#
.######.............#
#.............##..##
# ##.......##.##:.#


You could see Ijyb.

Vanquished Creatures
  Jessica (D:2)
  Terence (D:2)
  Natasha (D:2)
  5 adders
  A dart slug (D:1)
  An orc (D:2)
  2 ball pythons
  2 bats
  6 endoplasms
  3 giant cockroaches
  2 goblins (D:2)
  4 hobgoblins
  4 quokkas
  5 frilled lizards
  3 kobolds
  8 rats
49 creatures vanquished.

Vanquished Creatures (others)
  A plant (D:1)
1 creature vanquished.

Grand Total: 50 creatures vanquished

Notes
Turn   | Place    | Note
-------+----------+-------------------------------------------
     0 | D:1      | qw the Gargoyle Fighter began the quest for the Orb.
     0 | D:1      | Reached XP level 1. HP: 14/14 MP: 1/1
     0 | D:1      | 0 ||| qw: Version: 0.1-a-112-g44dc6cd
     0 | D:1      | 0 ||| qw: Game counter: 6750
     0 | D:1      | 0 ||| qw: Always use a shield: true
     0 | D:1      | 0 ||| qw: God list: Okawaru
     0 | D:1      | 0 ||| qw: Allow faded altars: false
     0 | D:1      | 0 ||| qw: Do Orc after D:15 true
     0 | D:1      | 0 ||| qw: Do second Lair branch before Depths: true
     0 | D:1      | 0 ||| qw: Lair rune preference: random
     0 | D:1      | 0 ||| qw: Plans: Normal, Zot, God:TSO, Crypt, Tomb, Zig,
                  | Orb
     0 | D:1      | 0 ||| PLANNING D:1-11
    54 | D:1      | Reached skill level 2 in Axes
   458 | D:1      | Reached XP level 2. HP: 19/19 MP: 2/2
   949 | D:1      | Found a faded altar of an unknown god.
   951 | D:1      | 951 ||| READING scroll labelled FOLIGE BAUCO.
   952 | D:1      | 952 ||| READING 3 scrolls labelled SONOCH NAUNLAPP.
   957 | D:1      | 957 ||| READING 2 scrolls labelled BUPAOMN GEFIRR.
   958 | D:1      | 958 ||| READING scroll labelled ULYQUIMAQO.
   959 | D:1      | 959 ||| READING scroll labelled QULLUE YNURIV.
   960 | D:1      | 960 ||| DROPPING scroll of butterflies.
  1181 | D:2      | Reached skill level 3 in Axes
  1189 | D:2      | Reached XP level 3. HP: 17/23 MP: 3/3
  1219 | D:2      | 1219 ||| Stepping ~*~*~tactically~*~*~ (stealth).
  1221 | D:2      | 1221 ||| Stepping ~*~*~tactically~*~*~ (stealth).
  1222 | D:2      | 1222 ||| Stepping ~*~*~tactically~*~*~ (stealth).
  1309 | D:2      | 1309 ||| DROPPING +0 club.
  1312 | D:2      | 1312 ||| Stepping ~*~*~tactically~*~*~ (stealth).
  1353 | D:2      | 1353 ||| Stepping ~*~*~tactically~*~*~ (stealth).
  1363 | D:2      | 1363 ||| Stepping ~*~*~tactically~*~*~ (stealth).
  1404 | D:2      | Noticed Terence
  1405 | D:2      | 1405 ||| Stepping ~*~*~tactically~*~*~ (stealth).
  1406 | D:2      | 1406 ||| Stepping ~*~*~tactically~*~*~ (stealth).
  1412 | D:2      | Killed Terence
  1413 | D:2      | Reached skill level 4 in Axes
  1413 | D:2      | Reached XP level 4. HP: 18/28 MP: 4/4
  1417 | D:2      | HP: 5/28 [quokka (3)]
  1418 | D:2      | 1418 ||| READING 2 scrolls of teleportation.
  1520 | D:2      | 1520 ||| Stepping ~*~*~tactically~*~*~ (stealth).
  1707 | D:2      | 1707 ||| Stepping ~*~*~tactically~*~*~ (stealth).
  1708 | D:2      | 1708 ||| Stepping ~*~*~tactically~*~*~ (stealth).
  1973 | D:2      | 1973 ||| Stepping ~*~*~tactically~*~*~ (stealth).
  2034 | D:2      | Noticed Natasha
  2041 | D:2      | Killed Natasha
  2042 | D:2      | Reached XP level 5. HP: 25/32 MP: 5/5
  2043 | D:2      | 2043 ||| FLEEEEING.
  2044 | D:2      | 2044 ||| FLEEEEING.
  2045 | D:2      | 2045 ||| FLEEEEING.
  2046 | D:2      | 2046 ||| FLEEEEING.
  2047 | D:2      | 2047 ||| FLEEEEING.
  2048 | D:2      | 2048 ||| FLEEEEING.
  2049 | D:2      | 2049 ||| FLEEEEING.
  2050 | D:2      | 2050 ||| FLEEEEING.
  2051 | D:2      | 2051 ||| FLEEEEING.
  2054 | D:2      | 2054 ||| FLEEEEING.
  2055 | D:2      | 2055 ||| FLEEEEING.
  2057 | D:2      | 2057 ||| FLEEEEING.
  2058 | D:2      | 2058 ||| FLEEEEING.
  2059 | D:2      | 2059 ||| FLEEEEING.
  2060 | D:2      | 2060 ||| FLEEEEING.
  2061 | D:2      | 2061 ||| FLEEEEING.
  2062 | D:2      | 2062 ||| FLEEEEING.
  2063 | D:2      | 2063 ||| FLEEEEING.
  2064 | D:2      | 2064 ||| FLEEEEING.
  2065 | D:2      | 2065 ||| FLEEEEING.
  2066 | D:2      | 2066 ||| FLEEEEING.
  2067 | D:2      | 2067 ||| STAIRDANCE
  2111 | D:1      | 2111 ||| UPGRADING to amulet of regeneration.
  2116 | D:1      | 2116 ||| UPGRADING to +4 ring of evasion.
  2117 | D:1      | 2117 ||| READING scroll labelled NATRICVIEB.
  2225 | D:2      | Noticed Jessica
  2228 | D:2      | 2228 ||| Stepping ~*~*~tactically~*~*~ (hiding).
  2234 | D:2      | Killed Jessica
  2472 | D:3      | Found Icweuqop's Armour Emporium.
  2491 | D:3      | 2491 ||| BUYING +0 chain mail (63 gold).
  2491 | D:3      | Bought a +0 chain mail for 63 gold pieces
  2491 | D:3      | 2491 ||| SHOPLISTING +0 cloak of poison resistance (119
                  | gold, have 55).
  2491 | D:3      | 2491 ||| SHOPLISTING +0 shadow dragon scales (1120 gold,
                  | have 55).
  2491 | D:3      | 2491 ||| SHOPLISTING +2 cloak of willpower (301 gold, have
                  | 55).
  2507 | D:3      | Reached skill level 5 in Axes
  2710 | D:3      | Noticed Ijyb
  2711 | D:3      | 2711 ||| Stepping ~*~*~tactically~*~*~ (hiding).
  2724 | D:3      | HP: 5/32 [disintegration (11)]
  2725 | D:3      | 2725 ||| READING scroll of teleportation.
  2727 | D:3      | Blown up by Ijyb

Levels and vault maps discovered:
D:1:      denvon_arrival_planthouse, layout_basic,
          shapermc_ecumenical_altar_pompeii, nrook_mini_backslash
D:2:      layout_loops_ring, minmay_vboxes, uniq_natasha, uniq_jessica,
          uniq_terence
D:3:      layout_loops_ring, serial_shops, shop, uniq_ijyb

Skill      XL: |  1  2  3  4  5 |
---------------+----------------+-----
Axes           | 2 3 4 5 |  5.0
Fighting       | |  3.4
Armour         | |  3.2
Shields        | |  3.2

Action                   |  1- 3 |  4- 6 || total
-------------------------+-------+-------++-------
Melee: War axe           |    83 |    70 ||   153
  Use: Scroll            |     5 |     3 ||     8
Armor: Scale mail        |    45 |    31 ||    76
Dodge: Dodged            |    38 |    34 ||    72
Block: Buckler           |    19 |     8 ||    27

Table legend:
 A = Non-vault XP
 B = Vault XP
 C = Vault XP percentage of total XP
 D = Non-vault monster count
 E = Vault monster count
 F = Vault count percentage of total count
                 A         B        C        D         E       F
            +---------+---------+-------+---------+---------+-------
      Total |     117 |     127 |  52.0 |      41 |       8 |  16.3
            +---------+---------+-------+---------+---------+-------
        D:1 |      24 |       0 |   0.0 |      12 |       0 |   0.0
        D:2 |      72 |     127 |  63.8 |      22 |       8 |  26.7
        D:3 |      21 |       0 |   0.0 |       7 |       0 |   0.0
            +---------+---------+-------+---------+---------+-------
